 Dungeon Crawl Stone Soup version 0.20-b1-24-gb21faa7 (webtiles) character file.

891 cereshysteria the Poker (level 8, -2/72 HPs)
             Began as a Naga Gladiator on May 25, 2017.
             Was an Initiate of Zin.
             Slain by an ogre
             ... wielding a +0 giant club
              (13 damage)
             ... on level 5 of the Dungeon.
             The game lasted 00:23:49 (6801 turns).

cereshysteria the Poker (Naga Gladiator)            Turns: 6801, Time: 00:23:49

Health: -2/72      AC:  8    Str: 16    XL:     8   Next: 6%
Magic:  8/8        EV: 11    Int: 12    God:    Zin [......]
Gold:   62         SH:  0    Dex: 15    Spells: 7/7 levels left

rFire    . . .     SeeInvis +   a - +4 trident
rCold    . . .     Gourm    .   (no shield)
rNeg     . . .     Faith    .   h - +1 leather armour
rPois    +         Spirit   .   c - +0 helmet
rElec    .         Reflect  .   k - +1 cloak
rCorr    .         Harm     .   (no gloves)
MR       +....                  (no barding)
Stlth    ++........             (no amulet)
Regen    0.3/turn               i - +3 ring of intelligence
MPRegen  0.2/turn               (no ring)

@: very slow
A: see invisible, deformed body, poison resistance, slowness 2, slow metabolism
1, spit poison 1, AC +2
a: Spit Poison, Donate Gold, Renounce Religion


You were on level 5 of the Dungeon.
You worshipped Zin.
Zin was noncommittal.
You were very hungry.

You visited 1 branch of the dungeon, and saw 5 of its levels.

You collected 125 gold pieces.
You donated 63 gold pieces to Zin.

Inventory:

Hand Weapons
 a - a +4 trident (weapon)
 e - a +4 quarterstaff of chaos
 j - a cursed -3 scythe
 l - a +0 vampiric trident
Armour
 b - a +0 leather armour
 c - a +0 helmet (worn)
 h - a +1 leather armour (worn)
 k - a +1 cloak (worn)
Jewellery
 i - a +3 ring of intelligence (left hand)
Wands
 d - a wand of paralysis (13/24)
Scrolls
 f - 2 scrolls of remove curse


   Skills:
 + Level 4.2 Fighting
 + Level 6.7 Polearms
 + Level 1.8 Throwing
 + Level 2.5 Armour
 + Level 3.6 Dodging
 + Level 2.4 Stealth


You had 7 spell levels left.
You didn't know any spells.

Dungeon Overview and Level Annotations

Branches:
Dungeon (5/15)             Temple (0/1) D:4

Altars:
Cheibriados
Ru
Zin

Annotations:
D:3 MTVSty1e's ghost, amateur MiFi


Innate Abilities, Weirdness & Mutations

You cannot wear boots.
Your serpentine skin is tough. (AC +2)
You have supernaturally acute eyesight. (SInv)
Armour fits poorly on your strangely shaped body.
Your system is resistant to poisons. (rPois)
You cover ground very slowly.
You have a slow metabolism.
You can spit poison.


Message History

The scorpion is heavily wounded.
The scorpion stings you. The ogre barely misses you.
You puncture the scorpion!
You kill the scorpion!
The ogre hits you with a giant club!! The ogre hits you with a giant club!
* * * LOW HITPOINT WARNING * * *
Okay, then.
As you read the scroll of fog, it crumbles to dust.
The scroll dissolves into smoke.
The ogre hits you with a giant club!
* * * LOW HITPOINT WARNING * * *
The ogre closely misses you.
There is a sacrificial altar of Ru here.
Okay, then.
Okay, then.
You aren't carrying any potions.
The ogre closely misses you. The ogre hits you with a giant club!
You die...

#.......#######...#
#..#.<............#
#.#.......###....#
#.......[.##.....####
###.....#..[..........
...........[..........
..#.....##.#[.........
# ##....#.....<.......
#...........@#######
##.....#§§§.O.##
#.......#§§§§...#
...####.§§§§§.#.# ..#
##.§§##.#.# .#
#§.###....
...s......##.....
####......##.....#
#..s...##.....#


You could see an ogre.

Vanquished Creatures
  Sigmund (D:2)
  2 ogres (D:4)
  3 scorpions
  A crimson imp (D:5)
  Crazy Yiuf (D:2)
  2 orc wizards (D:4)
  2 centaur skeletons (D:4)
  2 worker ants (D:4)
  A hound skeleton (D:4)
  3 gnolls (D:5)
  7 adders
  An ooze (D:2)
  5 worms
  A leopard gecko (D:2)
  7 orcs
  6 bats (D:1)
  2 giant cockroaches
  10 goblins
  6 hobgoblins
  10 jackals
  A kobold (D:2)
  A quokka (D:4)
  A ball python (D:1)
  A ball python skeleton (D:4)
  7 frilled lizards
  8 rats
92 creatures vanquished.

Notes
Turn   | Place    | Note
-------+----------+-------------------------------------------
     0 | D:1      | cereshysteria the Naga Gladiator began the quest for the Orb.
     0 | D:1      | Reached XP level 1. HP: 19/19 MP: 1/1
   435 | D:1      | Reached XP level 2. HP: 11/26 MP: 2/2
  1626 | D:2      | Reached XP level 3. HP: 32/32 MP: 3/3
  1647 | D:2      | Found a snail-covered altar of Cheibriados.
  1717 | D:2      | Noticed Sigmund
  1734 | D:2      | Killed Sigmund
  1734 | D:2      | Reached skill level 4 in Polearms
  1734 | D:2      | Reached skill level 1 in Armour
  1734 | D:2      | Reached XP level 4. HP: 20/40 MP: 4/4
  1734 | D:2      | Reached XP level 5. HP: 24/48 MP: 5/5
  2297 | D:2      | Found a runed door.
  2301 | D:2      | Noticed Crazy Yiuf
  2312 | D:2      | Killed Crazy Yiuf
  2312 | D:2      | Reached XP level 6. HP: 21/56 MP: 6/6
  2370 | D:2      | Found a glowing silver altar of Zin.
  2377 | D:2      | Became a worshipper of Zin the Law-Giver
  2553 | D:2      | Reached skill level 5 in Polearms
  2695 | D:3      | Noticed MTVSty1e's ghost (amateur MiFi)
  4651 | D:3      | Paralysed by fainting for 8 turns
  4665 | D:3      | Paralysed by fainting for 12 turns
  5105 | D:4      | Found a glowing drain.
  5164 | D:4      | Reached skill level 1 in Stealth
  5426 | D:4      | Reached XP level 7. HP: 58/62 MP: 7/7
  5520 | D:4      | Reached skill level 6 in Polearms
  5688 | D:4      | Found a staircase to the Ecumenical Temple.
  5988 | D:4      | Donated 51 gold pieces to Zin
  6437 | D:5      | Entered Level 5 of the Dungeon
  6437 | D:5      | Found a sacrificial altar of Ru.
  6721 | D:4      | Reached XP level 8. HP: 72/72 MP: 8/8
  6801 | D:5      | Slain by an ogre

Skill      XL: |  1  2  3  4  5  6  7 |
---------------+----------------------+-----
Polearms       | 4 5 6 |  6.7
Armour         | 1 2 |  2.5
Dodging        | 3 |  3.6
Fighting       | 3 4 |  4.2
Stealth        | 1 2 |  2.4
Throwing       | |  1.8

Action                   |  1- 3 |  4- 6 |  7- 9 || total
-------------------------+-------+-------+-------++-------
Melee: Trident           |    80 |   161 |    96 ||   337
Throw: Throwing net      |     2 |     2 |       ||     4
Invok: Donate Gold       |       |       |     1 ||     1
 Abil: Spit Poison       |       |     1 |       ||     1
  Use: Scroll            |     4 |     8 |     2 ||    14
       Potion            |       |     4 |     1 ||     5
 Stab: Invisible         |       |     1 |       ||     1
       Sleeping          |       |     2 |     1 ||     3
  Eat: Bread ration      |     1 |       |       ||     1
       Chunk             |       |     6 |     3 ||     9
Armor: Leather armour    |    42 |    53 |    42 ||   137
Dodge: Dodged            |    77 |   115 |    79 ||   271
